 Dungeon Crawl Stone Soup version 0.24-a0-417-g1cce26a4d2 (webtiles) character file.

Game seed: 2313455347553051014

16975 Gumption the Cleaver (level 12, 0/87 HPs)
             Began as a Gnoll Chaos Knight on June 11, 2019.
             Was a Plaything of Xom.
             Slain by a komodo dragon (12 damage)
             ... on level 3 of the Lair of Beasts.
             The game lasted 01:12:43 (11142 turns).

Gumption the Cleaver (Gnoll Chaos Knight)          Turns: 11142, Time: 01:12:44

Health: 0/87       AC: 15    Str: 21    XL:     12   Next: 43%
Magic:  0/25       EV: 16    Int: 15    God:    Xom [.*....]
Gold:   663        SH: 11    Dex: 12    Spells: 20/25 levels left

rFire    . . .     SeeInvis .   a - +8 war axe "Ogrebane" {pain, rN++ Str+3 Dex-2 Stlth+}
rCold    . . .     Gourm    .   O - +0 shield
rNeg     + + .     Faith    .   r - +3 ring mail
rPois    +         Spirit   +   (no helmet)
rElec    .         Reflect  .   x - scarf {Spirit}
rCorr    .         Harm     .   j - +2 pair of gloves
MR       .....                  H - +0 pair of boots
Stlth    ++++......             B - amulet of guardian spirit
HPRegen  0.24/turn              l - +3 ring of evasion
MPRegen  0.19/turn              N - ring of poison resistance

@: no status effects
A: distributed training, fangs 1, frail 1, high mp 1, shaggy fur 1, weak 1,
strong nose
a: Renounce Religion


You were on level 3 of the Lair of Beasts.
You worshipped Xom.
You were a plaything of Xom.
You were not hungry.

You visited 2 branches of the dungeon, and saw 15 of its levels.

You collected 663 gold pieces.

Inventory:

Hand Weapons
 a - the +8 war axe "Ogrebane" (weapon) {pain, rN++ Str+3 Dex-2 Stlth+}
   (You found it on level 7 of the Dungeon)

   In the hands of one skilled in necromantic magic, it inflicts extra damage on
   living creatures.
   It affects your strength (+3).
   It affects your dexterity (-2).
   It greatly protects you from negative energy.
   It makes you more stealthy.
 b - a +2 hunting sling of freezing
Missiles
 f - 280 stones
 g - 56 sling bullets
 i - 11 boomerangs (quivered)
 G - 2 silver javelins
Armour
 c - a +0 pair of gloves of dexterity
 h - a +0 plate armour
 j - a +2 pair of gloves (worn)
 r - a +3 ring mail (worn)
 x - a scarf of spirit shield (worn)
 H - a +0 pair of boots (worn)
 O - a +0 shield (worn)
Jewellery
 l - a +3 ring of evasion (left hand)
 B - an amulet of guardian spirit (around neck)
 N - a ring of poison resistance (right hand)
 P - an uncursed ring of flight
Wands
 o - a wand of iceblast (7)
 v - a wand of clouds (2)
 A - a wand of acid (7)
 D - a wand of flame (23)
 L - a wand of paralysis (12)
Scrolls
 m - 3 scrolls of magic mapping
 n - 6 scrolls of remove curse
 p - 2 scrolls of fear
 w - a scroll of fog
 y - 3 scrolls of identify
 E - 4 scrolls of blinking
 I - 5 scrolls of teleportation
 J - 2 scrolls of enchant weapon
 K - a scroll of immolation {unknown}
 Q - 2 scrolls of vulnerability {unknown}
Potions
 d - 4 potions of curing
 e - 2 potions of resistance
 k - 2 potions of heal wounds
 q - 2 potions of agility
 t - 2 potions of ambrosia
 u - 2 potions of brilliance
 z - 3 potions of berserk rage
 C - a potion of might
 F - 2 potions of flight
 M - 2 potions of cancellation
 R - a potion of lignification {unknown}
Comestibles
 s - 9 rations


   Skills:
 + Level 9.7 Fighting
 + Level 7.1 Short Blades
 + Level 7.1 Long Blades
 + Level 9.7 Axes
 + Level 7.1 Maces & Flails
 + Level 7.1 Polearms
 + Level 7.1 Staves
 + Level 7.1 Slings
 + Level 7.1 Bows
 + Level 7.1 Crossbows
 + Level 7.1 Throwing
 + Level 8.6 Armour
 + Level 7.6 Dodging
 + Level 7.1 Stealth
 + Level 7.1 Shields
 + Level 7.1 Unarmed Combat
 + Level 7.1 Spellcasting
 + Level 5.9 Conjurations
 + Level 5.9 Hexes
 + Level 5.9 Charms
 + Level 5.9 Summonings
 + Level 5.9 Necromancy
 + Level 5.9 Translocations
 + Level 5.9 Transmutations
 + Level 5.9 Fire Magic
 + Level 5.9 Ice Magic
 + Level 5.9 Air Magic
 + Level 5.9 Earth Magic
 + Level 5.9 Poison Magic
 + Level 7.8 Invocations
 + Level 7.1 Evocations


You had 20 spell levels left.
You knew the following spells:

 Your Spells              Type           Power        Failure   Level  Hunger
a - Blink                 Tloc           N/A          7%          2    None
b - Mephitic Cloud        Conj/Pois/Air  ###.....     14%         3    ##.....

Your spell library contained the following spells:

 Spells                   Type           Power        Failure   Level  Hunger
 Magic Dart               Conj           ###.         4%          1    None
 Call Imp                 Summ           ###.....     7%          2    None
 Slow                     Hex            ###.....     7%          2    None
 Conjure Flame            Conj/Fire      ###.....     14%         3    ##.....


Dungeon Overview and Level Annotations

Branches:
Dungeon (11/15)            Temple (0/1) D:5            Lair (4/6) D:9
 Shoals (0/4) Lair:3        Snake (0/4) Lair:3          Orc (0/2) D:10

Altars:
Dithmenos
Gozag
Makhleb
Trog
Vehumet
Xom
Yredelemnul
Zin
The Shining One

Shops:
D:5 }   D:8 ([*(*   D:11 :

Annotations:
D:5 2 runed translucent doors, Crazy Yiuf; yann's ghost, novice GrEE
D:8 1 runed translucent door, EvilAshe's ghost, novice SpWn


Innate Abilities, Weirdness & Mutations

Your experience applies equally to all skills.
You have very sharp teeth.
Your uncanny sense of smell can sniff out nearby items.
You are frail. (-10% HP)
You have an increased reservoir of magic. (+10% MP)
You are covered in fur. (AC +1)
You are weak. (Str -2)


Message History

The komodo dragon writhes in agony.
You block the blink frog's attack. The blink frog hits you.
The blink frog blinks!
The blink frog hits you!
* * * LOW HITPOINT WARNING * * *
The blink frog blinks!
The komodo dragon bites you!
* * * LOW HITPOINT WARNING * * *
The blink frog completely misses you. The basilisk gazes at you.
You resist with some effort.
You slash the basilisk!
You kill the basilisk!
You closely miss the blink frog. You barely miss the komodo dragon.
You block the blink frog's attack. You block the komodo dragon's attack.
The blink frog barely misses you.
You slash the komodo dragon!
The komodo dragon is severely wounded.
You completely miss the blink frog.
Your cleaving frenzy subsides.
The komodo dragon bites you!!
You die...
Xom laughs nastily!

+,,,,***,,,,*,,,,*,,,,,,,**,,,**
##....**,,..,,...##,,,,,,,,,,*,*
.P...####+.#**....#,,,,,,**,,,**
+.%...##...# ##...+,,,,,,+,,,**
##....#.P.####...P#,,,,,,,*,,*
#.................##****,**,,**
.................P.##.##,**,,,*
.....!.........FF.......,,,,,**
...............§@†......,,,,,*
................lF......,,,,,*
.#...P####.###.....P.#P#*,*,,**
#....P# ### #.....P##*****,,,*
##...##******#.....P#,***,,*,**
##...##..,,,,P........,,,,*,,**
#.........,,.......##..,,,,,,,*
......##..,###......*#.,,**,,**
##....#***** *,,,,,**,,,>,,,,,*


You could see a komodo dragon and 3 blink frogs.

Vanquished Creatures
  A catoblepas (Lair:3)
  A two-headed ogre (D:9)
  2 unseen horrors
  Pikel (D:7)
  2 cyclopes (D:11)
  2 black mambas
  2 spiny frogs (Lair:1)
  4 trolls
  3 hippogriffs
  2 wyverns
  16 yaks
  A hog (D:11)
  A basilisk (Lair:3)
  A wraith (D:11)
  A steam dragon (D:9)
  4 hungry ghosts
  2 wargs (D:9)
  5 porcupines
  4 water moccasins
  An ice beast (D:11)
  3 slaves (D:7)
  4 orc warriors
  A sky beast (D:11)
  A phantom (D:7)
  6 wolves
  2 centaurs
  A necrophage (D:8)
  3 ogres
  3 crocodiles
  A big kobold (D:9)
  13 bullfrogs
  A wyvern zombie (D:9)
  A wyvern skeleton (D:8)
  4 scorpions
  10 killer bees
  9 wights
  A howler monkey (D:9)
  3 electric eels
  A centaur zombie (D:8)
  3 crimson imps
  A bullfrog skeleton (D:6)
  2 bullfrog zombies
  10 orc priests
  A centaur skeleton (D:6)
  7 hounds
  4 jellies
  3 iguanas
  6 worker ants
  14 orc wizards
  A statue (D:5)
  3 hound skeletons
  A hound zombie (D:6)
  Robin (D:3)
  3 worker ant zombies
  8 gnolls
  A howler monkey skeleton (D:7)
  13 adders
  5 shadow imps
  An ooze (D:2)
  2 adder zombies (D:9)
  An adder skeleton (D:9)
  A worm (D:5)
  A dart slug (D:5)
  7 leopard geckos
  56 orcs
  2 ball pythons
  3 giant cockroaches
  19 goblins
  8 hobgoblins
  12 jackals
  2 quokkas
  4 bats (D:1)
  3 frilled lizards
  10 kobolds
  A quokka zombie (D:6)
  3 rats
  3 fungi (Lair:2)
350 creatures vanquished.

Vanquished Creatures (collateral kills)
  Joseph (D:7)
  A crimson imp (D:11)
  3 gnolls (D:3)
5 creatures vanquished.

Vanquished Creatures (others)
  A fire vortex (D:5)
  3 fungi
  2 plants
6 creatures vanquished.

Grand Total: 361 creatures vanquished

Notes
Turn   | Place    | Note
-------+----------+-------------------------------------------
     0 | D:1      | Gumption the Gnoll Chaos Knight began the quest for the
                  | Orb.
     0 | D:1      | Reached XP level 1. HP: 23/23 MP: 1/1
    13 | D:1      | XOM: silly message
    77 | D:1      | Reached XP level 2. HP: 29/29 MP: 2/2
   443 | D:1      | Reached XP level 3. HP: 26/35 MP: 3/3
   674 | D:2      | XOM: harmless Hex miscast
   696 | D:2      | XOM: harmless Tmut miscast
   757 | D:2      | XOM: god gift: scroll labeled ZANUWOANUDGH {god gift}
   844 | D:2      | XOM: potion effect (might)
  1140 | D:2      | XOM: cloud trail
  1537 | D:3      | Reached skill level 1 in Invocations
  1544 | D:3      | XOM: cast spell 'Summon Ice Beast'
  1546 | D:3      | Reached skill level 1 in Short Blades
  1546 | D:3      | Reached skill level 1 in Long Blades
  1546 | D:3      | Reached skill level 1 in Maces & Flails
  1546 | D:3      | Reached skill level 1 in Polearms
  1546 | D:3      | Reached skill level 1 in Staves
  1546 | D:3      | Reached skill level 1 in Slings
  1546 | D:3      | Reached skill level 1 in Bows
  1546 | D:3      | Reached skill level 1 in Crossbows
  1546 | D:3      | Reached skill level 1 in Throwing
  1546 | D:3      | Reached skill level 1 in Stealth
  1546 | D:3      | Reached skill level 1 in Shields
  1546 | D:3      | Reached skill level 1 in Unarmed Combat
  1546 | D:3      | Reached skill level 1 in Spellcasting
  1546 | D:3      | Reached skill level 1 in Evocations
  1546 | D:3      | Reached XP level 4. HP: 31/41 MP: 2/5
  1608 | D:3      | Noticed Robin
  1625 | D:3      | Killed Robin
  1625 | D:3      | Reached skill level 1 in Conjurations
  1625 | D:3      | Reached skill level 1 in Hexes
  1625 | D:3      | Reached skill level 1 in Charms
  1625 | D:3      | Reached skill level 1 in Summonings
  1625 | D:3      | Reached skill level 1 in Necromancy
  1625 | D:3      | Reached skill level 1 in Translocations
  1625 | D:3      | Reached skill level 1 in Transmutations
  1625 | D:3      | Reached skill level 1 in Fire Magic
  1625 | D:3      | Reached skill level 1 in Ice Magic
  1625 | D:3      | Reached skill level 1 in Air Magic
  1625 | D:3      | Reached skill level 1 in Earth Magic
  1625 | D:3      | Reached skill level 1 in Poison Magic
  1740 | D:3      | Found a basalt altar of Yredelemnul.
  1849 | D:3      | XOM: mild Fire miscast
  2008 | D:3      | Found a burning altar of Makhleb.
  2013 | D:3      | Reached XP level 5. HP: 46/47 MP: 5/7
  2483 | D:3      | XOM: harmless Necr miscast
  2885 | D:4      | You fall into a shaft and drop 1 floor!
  2885 | D:5      | Entered Level 5 of the Dungeon
  2885 | D:5      | Found Zauxtin's Gadget Emporium.
  2897 | D:5      | Reached XP level 6. HP: 49/53 MP: 8/8
  2926 | D:5      | XOM: cast spell 'Call Canine Familiar'
  2990 | D:5      | Reached skill level 5 in Armour
  3164 | D:5      | Found a radiant altar of Vehumet.
  3169 | D:5      | XOM: mild Fire miscast
  3301 | D:4      | XOM: enchant monster (bad)
  3306 | D:4      | Reached XP level 7. HP: 40/59 MP: 7/10
  3794 | D:5      | Got a slimy short sword
  3795 | D:5      | Identified the +9 short sword "Amonaim" {pierce, rF+ Int+5}
                  | (You found it on level 5 of the Dungeon)
  3813 | D:5      | Found a runed translucent door.
  3813 | D:5      | Noticed yann's ghost (novice GrEE)
  3839 | D:5      | Found a runed translucent door.
  3840 | D:5      | Noticed Crazy Yiuf
  3967 | D:5      | Found a staircase to the Ecumenical Temple.
  3986 | D:5      | XOM: medium Pois miscast
  3987 | D:5      | XOM: smoke on damage
  4174 | D:5      | XOM: severe Ice miscast
  4267 | D:6      | XOM: 1-stop teleportation journey
  4358 | D:6      | Found an opulent altar of Gozag.
  4697 | D:6      | Reached XP level 8. HP: 66/67 MP: 12/12
  5081 | D:7      | XOM: 3-stop teleportation journey
  5149 | D:7      | Got a jewelled war axe
  5150 | D:7      | Identified the +8 war axe "Ogrebane" {pain, rN++ Str+3
                  | Dex-2 Stlth+} (You found it on level 7 of the Dungeon)
  5292 | D:7      | Noticed Joseph
  5308 | D:7      | XOM: summons 7 friendly demons
  5318 | D:7      | Killed Joseph
  5598 | D:7      | Reached XP level 9. HP: 66/72 MP: 12/14
  5649 | D:7      | XOM: give mutations
  5649 | D:7      | Gained mutation: You are weak. (Str -2) [Xom's mischief]
  5649 | D:7      | Gained mutation: Armour fits poorly on your strangely
                  | shaped body. [Xom's mischief]
  5649 | D:7      | Gained mutation: You are frail. (-10% HP) [Xom's mischief]
  5649 | D:7      | Lost mutation: Armour fits poorly on your strangely shaped
                  | body. [Xom's mischief]
  5733 | D:7      | Found a glowing silver altar of Zin.
  5738 | D:7      | Found a bloodstained altar of Trog.
  5743 | D:7      | Found a glowing golden altar of the Shining One.
  5764 | D:7      | Noticed Pikel
  5775 | D:7      | Killed Pikel
  5775 | D:7      | Reached skill level 5 in Dodging
  5971 | D:7      | Found a shadowy altar of Dithmenos.
  6163 | D:8      | Found Hele's Antique Armour Emporium.
  6163 | D:8      | XOM: divination: detect creatures
  6210 | D:8      | XOM is BORED!
  6342 | D:8      | Reached skill level 5 in Invocations
  6508 | D:8      | XOM: potion effect (invisibility)
  6528 | D:8      | Found Nooffar's Antique Weapon Boutique.
  6534 | D:8      | Reached XP level 10. HP: 72/72 MP: 17/17
  6562 | D:8      | Found Tace's Assorted Antiques.
  6572 | D:8      | Found a runed translucent door.
  6575 | D:8      | Found Jiecid's Assorted Antiques.
  6575 | D:8      | Noticed EvilAshe's ghost (novice SpWn)
  6576 | D:8      | Identified the cursed +0 spear "Dragonbane" {venom, +Rage
                  | Str-5 Dex+8}
  6865 | D:8      | XOM: divination: detect creatures
  6874 | D:8      | Found Ceol Ade's Antique Weapon Shop.
  6949 | D:8      | XOM: cloud trail
  7146 | D:9      | XOM: divination: detect items
  7155 | D:9      | Found a staircase to the Lair.
  7158 | D:9      | XOM: potion effect (berserk rage)
  7164 | D:9      | Reached skill level 5 in Short Blades
  7164 | D:9      | Reached skill level 5 in Long Blades
  7164 | D:9      | Reached skill level 5 in Maces & Flails
  7164 | D:9      | Reached skill level 5 in Polearms
  7164 | D:9      | Reached skill level 5 in Staves
  7164 | D:9      | Reached skill level 5 in Slings
  7164 | D:9      | Reached skill level 5 in Bows
  7164 | D:9      | Reached skill level 5 in Crossbows
  7164 | D:9      | Reached skill level 5 in Throwing
  7164 | D:9      | Reached skill level 5 in Stealth
  7164 | D:9      | Reached skill level 5 in Shields
  7164 | D:9      | Reached skill level 5 in Unarmed Combat
  7164 | D:9      | Reached skill level 5 in Spellcasting
  7164 | D:9      | Reached skill level 5 in Evocations
  7164 | D:9      | XOM: potion effect (magic)
  7243 | D:9      | Learned a level 2 spell: Blink
  7247 | D:9      | Learned a level 3 spell: Mephitic Cloud
  7676 | D:9      | XOM: give mutations
  7676 | D:9      | Gained mutation: You have an increased reservoir of magic.
                  | (+10% MP) [Xom's grace]
  7676 | D:9      | Gained mutation: You are covered in fur. (AC +1) [Xom's
                  | grace]
  7727 | D:9      | XOM: god gift: scroll of fear
  7750 | D:9      | Noticed a two-headed ogre
  7761 | D:9      | Killed a two-headed ogre
  7814 | D:10     | Entered Level 10 of the Dungeon
  8036 | D:10     | Found a staircase to the Orcish Mines.
  8098 | D:10     | Reached XP level 11. HP: 71/78 MP: 21/21
  8106 | D:10     | Killed an unseen horror
  8121 | D:10     | XOM: 3-stop teleportation journey
  8316 | D:10     | XOM: 1-stop teleportation journey
  8649 | D:11     | Found Hesuena's Book Shop.
  8698 | D:11     | Reached skill level 5 in Conjurations
  8698 | D:11     | Reached skill level 5 in Hexes
  8698 | D:11     | Reached skill level 5 in Charms
  8698 | D:11     | Reached skill level 5 in Summonings
  8698 | D:11     | Reached skill level 5 in Necromancy
  8698 | D:11     | Reached skill level 5 in Translocations
  8698 | D:11     | Reached skill level 5 in Transmutations
  8698 | D:11     | Reached skill level 5 in Fire Magic
  8698 | D:11     | Reached skill level 5 in Ice Magic
  8698 | D:11     | Reached skill level 5 in Air Magic
  8698 | D:11     | Reached skill level 5 in Earth Magic
  8698 | D:11     | Reached skill level 5 in Poison Magic
  8712 | D:11     | Found a shimmering altar of Xom.
  8751 | D:11     | XOM: smoke on damage
  8753 | D:11     | Killed an unseen horror
  8753 | D:11     | XOM: polymorph wyvern -> scorpion
  8813 | D:11     | XOM: polymorph yak -> hog
  8814 | D:11     | Noticed a cyclops
  8820 | D:11     | XOM: cast spell 'Alistair's Intoxication'
  8822 | D:11     | XOM: divination: detect items
  8828 | D:11     | XOM: divination: magic mapping
  8831 | D:11     | XOM: potion effect (berserk rage)
  8836 | D:11     | Killed a cyclops
  8937 | D:11     | XOM: confuse monster(s)
  8979 | D:11     | XOM: enchant monster (bad)
  8990 | D:11     | Noticed a cyclops
  8991 | D:11     | XOM: cast spell 'Summon Hydra'
  8996 | D:11     | Killed a cyclops
  9038 | D:11     | XOM: 4-stop teleportation journey
  9316 | Lair:1   | Entered Level 1 of the Lair of Beasts
  9454 | Lair:1   | XOM: silly message
  9462 | Lair:1   | XOM: divination: detect items
  9685 | Lair:1   | XOM: divination: detect items
  9736 | Lair:1   | XOM: swap monsters
  9737 | Lair:1   | Reached XP level 12. HP: 67/86 MP: 21/24
  9784 | Lair:1   | XOM: god gift: large garnet amulet {god gift}
  9842 | Lair:1   | XOM: harmless Erth miscast
 10223 | Lair:2   | XOM: 5-stop teleportation journey
 10564 | Lair:2   | XOM: severe Pois miscast
 10691 | Lair:2   | You fall into a shaft and drop 2 floors!
 10712 | Lair:4   | XOM: fog
 10715 | Lair:4   | XOM: 2-stop teleportation journey
 11073 | Lair:3   | Noticed a catoblepas
 11076 | Lair:3   | XOM: confusion
 11088 | Lair:3   | XOM: cleaving
 11094 | Lair:3   | XOM: swap monsters
 11098 | Lair:3   | Killed a catoblepas
 11113 | Lair:3   | XOM: harmless Tmut miscast
 11127 | Lair:3   | XOM: destruction
 11142 | Lair:3   | Slain by a komodo dragon

Levels and vault maps discovered:
D:1:      minmay_arrival_four_houses, layout_loops_ring
D:2:      layout_loops_corners, chequers_serial_rivers_small_a,
          lemuel_flame_loot_1
D:3:      layout_basic, yredelemnul_altar_generic, makhleb_blood_cavern_becter,
          uniq_robin
D:4:      layout_loops_ring
D:5:      layout_gridville, vehumet_statue, temple_green, first_ration,
          gammafunk_ghost_grave, serial_shops, shop, uniq_crazy_yiuf_cottage
D:6:      layout_cave_pods, overflow_temple_1_default
D:7:      layout_basic, nicolae_dithmenos_through_a_glass_darkly,
          minmay_overflow_temple_star_quad, moated_statue,
          kennysheep_cross_room, uniq_joseph, uniq_pikel
D:8:      layout_basic, serial_shops, shop, kennysheep_little_box, shop, shop,
          shop, ebering_ghost_funeral_grove, kennysheep_generic_room_14
D:9:      layout_long_grid, erik_lair_orcish_takeover
D:10:     layout_loops_ring, hiddenorc2_lemuel
D:11:     layout_loops_ring, basic_altar, serial_shops, shop
Lair:1:   layout_gridlike, chequers_serial_rivers_room_b, serial_bayou_shore_b,
          lemuel_fruit_fields, grunt_megastairs_4
Lair:2:   layout_loops_ring
Lair:3:   layout_regular_city, shoals_dummy_entry, dummy_snake_entry,
          enter_volcano_3, uniq_urug
Lair:4:   layout_gridlike

Skill      XL: |  1  2  3  4  5  6  7  8  9 10 11 12 |
---------------+-------------------------------------+-----
Invocations    | 1 2 3 4 5 6 7 |  7.8
Short Blades   | 1 2 3 4 5 6 7 |  7.1
Long Blades    | 1 2 3 4 5 6 7 |  7.1
Maces & Flails | 1 2 3 4 5 6 7 |  7.1
Polearms       | 1 2 3 4 5 6 7 |  7.1
Staves         | 1 2 3 4 5 6 7 |  7.1
Slings         | 1 2 3 4 5 6 7 |  7.1
Bows           | 1 2 3 4 5 6 7 |  7.1
Crossbows      | 1 2 3 4 5 6 7 |  7.1
Throwing       | 1 2 3 4 5 6 7 |  7.1
Stealth        | 1 2 3 4 5 6 7 |  7.1
Shields        | 1 2 3 4 5 6 7 |  7.1
Unarmed Combat | 1 2 3 4 5 6 7 |  7.1
Spellcasting   | 1 2 3 4 5 6 7 |  7.1
Evocations     | 1 2 3 4 5 6 7 |  7.1
Conjurations   | 1 2 3 4 5 |  5.9
Hexes          | 1 2 3 4 5 |  5.9
Charms         | 1 2 3 4 5 |  5.9
Summonings     | 1 2 3 4 5 |  5.9
Necromancy     | 1 2 3 4 5 |  5.9
Translocations | 1 2 3 4 5 |  5.9
Transmutations | 1 2 3 4 5 |  5.9
Fire Magic     | 1 2 3 4 5 |  5.9
Ice Magic      | 1 2 3 4 5 |  5.9
Air Magic      | 1 2 3 4 5 |  5.9
Earth Magic    | 1 2 3 4 5 |  5.9
Poison Magic   | 1 2 3 4 5 |  5.9
Dodging        | 3 4 5 6 7 |  7.6
Armour         | 5 6 7 8 |  8.6
Fighting       | 7 8 9 |  9.7
Axes           | 7 8 9 |  9.7

Action                   |  1- 3 |  4- 6 |  7- 9 | 10-12 || total
-------------------------+-------+-------+-------+-------++-------
Melee: Hand axe          |    97 |   172 |     2 |       ||   271
       Bite              |     5 |    17 |    18 |    34 ||    74
       Punch             |       |     1 |     1 |     6 ||     8
       Short sword       |       |       |    68 |       ||    68
       War axe           |       |       |   114 |   398 ||   512
 Fire: Hunting sling     |       |       |    85 |       ||    85
Throw: Boomerang         |     3 |    22 |    28 |    39 ||    92
 Cast: Mephitic Cloud    |       |       |       |     4 ||     4
Evoke: Wand              |       |       |       |     1 ||     1
  Use: Scroll            |     4 |       |    12 |     9 ||    25
       Potion            |       |       |       |     1 ||     1
 Stab: Paralysed         |     1 |     1 |       |       ||     2
       Petrified         |     2 |       |       |     1 ||     3
       Sleeping          |       |       |     3 |    19 ||    22
       Confused          |       |       |       |     3 ||     3
       Distracted        |       |       |       |     1 ||     1
  Eat: Ration            |     1 |       |       |     2 ||     3
       Chunk             |       |     4 |    16 |    12 ||    32
Armor: Leather armour    |    26 |       |       |       ||    26
       Ring mail         |     3 |    77 |    69 |   111 ||   260
Dodge: Dodged            |    57 |   107 |   132 |   334 ||   630
Block: Shield            |       |       |       |    59 ||    59

Table legend:
 A = Non-vault XP
 B = Vault XP
 C = Vault XP percentage of total XP
 D = Non-vault monster count
 E = Vault monster count
 F = Vault count percentage of total count
                 A         B        C        D         E       F
            +---------+---------+-------+---------+---------+-------
      Total |   21352 |    2898 |  12.0 |     289 |      60 |  17.2
            +---------+---------+-------+---------+---------+-------
        D:1 |      38 |       0 |   0.0 |      24 |       0 |   0.0
        D:2 |      16 |       0 |   0.0 |       6 |       0 |   0.0
        D:3 |      70 |      79 |  53.0 |      19 |      14 |  42.4
        D:4 |     106 |       0 |   0.0 |      10 |       0 |   0.0
        D:5 |     418 |      32 |   7.1 |      21 |       1 |   4.5
        D:6 |     454 |       0 |   0.0 |      24 |       0 |   0.0
        D:7 |    1256 |    1078 |  46.2 |      32 |       2 |   5.9
        D:8 |    1315 |      66 |   4.8 |      27 |       2 |   6.9
        D:9 |    3003 |     551 |  15.5 |      37 |       7 |  15.9
       D:10 |    2305 |     563 |  19.6 |      20 |      31 |  60.8
       D:11 |    4227 |       0 |   0.0 |      28 |       0 |   0.0
     Lair:1 |    2624 |     529 |  16.8 |      18 |       3 |  14.3
     Lair:2 |    2749 |       0 |   0.0 |      13 |       0 |   0.0
     Lair:3 |    1517 |       0 |   0.0 |       5 |       0 |   0.0
     Lair:4 |    1254 |       0 |   0.0 |       5 |       0 |   0.0
            +---------+---------+-------+---------+---------+-------
